 Dungeon Crawl Stone Soup version 0.15.2 (webtiles) character file.

77 Gartch the Ruinous (level 4, -1/24 HPs)
             Began as a Deep Elf Conjurer on Jan 9, 2015.
             Killed from afar by Crazy Yiuf (4 damage)
             ... with a wand of frost
             ... on Level 3 of the Dungeon.
             The game lasted 00:35:12 (2339 turns).

Gartch the Ruinous (Deep Elf Conjurer)              Turns: 2339, Time: 00:35:12

HP  -1/24        AC  2     Str  6      XL: 4   Next: 14%
MP  12/13        EV 13     Int 20      God:
Gold 93          SH  0     Dex 15      Spells:  1 memorised,  8 levels left

rFire  . . .     SeeInvis .     k - +0 hand axe
rCold  . . .     Clarity  .     a - +0 robe
rNeg   . . .     rCorr    .     (no shield)
rPois  .         rRot     .     (no helmet)
rElec  .         Spirit   .     (no cloak)
SustAb .         Warding  .     (no gloves)
rMut   .         Stasis   .     (no boots)
Gourm  .                        (no amulet)
MR     .....                    (no ring)
                                (no ring)

@: not resistant to hostile enchantments, unstealthy
A: no striking features
a: no special abilities


You were on level 3 of the Dungeon.
You were not hungry.

You visited 1 branch of the dungeon, and saw 3 of its levels.

You collected 93 gold pieces.

Inventory:

Hand weapons
 g - a +0 club
 k - a +0 hand axe (weapon)
 n - a cursed -3 dagger
Missiles
 j - 20 arrows
 m - 21 bolts
 q - 17 stones (quivered)
Armour
 a - a +0 robe (worn)
Comestibles
 b - 4 bread rations
 h - 2 fruits
Scrolls
 d - a scroll of recharging {unknown}
 e - 2 scrolls of identify {unknown}
 f - a scroll of magic mapping {unknown}
 i - a scroll of noise {unknown}
 l - 2 scrolls of immolation {unknown}
Jewellery
 o - an uncursed ring of poison resistance {unknown}
Potions
 p - a potion of heal wounds {unknown}
 r - 2 potions of curing {unknown}
 s - a potion of might {unknown}
Books
 c - a book of Conjurations

   Spells                             Type                      Level
   *Magic Dart                        Conjuration                  1
   Searing Ray                        Conjuration                  2
   Dazzling Spray                     Conjuration/Hexes            3
   Fulminant Prism                    Conjuration/Hexes            4
   Iskenderun's Mystic Blast          Conjuration                  4
   Iskenderun's Battlesphere          Conjuration/Charms           5


   Skills:
 - Level 2.4 Dodging
 - Level 2.4 Stealth
 - Level 3.0 Spellcasting
 * Level 6.3 Conjurations


You had 8 spell levels left.
You knew the following spells:

 Your Spells              Type           Power        Failure   Level  Hunger
a - Magic Dart            Conj           ####         1%          1    None


Dungeon Overview and Level Annotations

Branches:
Dungeon (3/15)

Altars:
Dithmenos
Fedhas

Annotations:
D:2 Jessica
D:3 Crazy Yiuf


Message History

Aiming: Magic Dart
Press: ? - help, Shift-Dir - straight line, f/p - Crazy Yiuf
Aim: Crazy Yiuf, wielding a quarterstaff of chaos, wearing a cloak and carrying a wand of frost {zapped: 1} (lightly wounded)
The magic dart hits Crazy Yiuf.
Crazy Yiuf is lightly wounded.
Casting: Magic Dart
Confirm with . or Enter, or press ? or * to list all spells.
Aiming: Magic Dart
Press: ? - help, Shift-Dir - straight line, f/p - Crazy Yiuf
Aim: Crazy Yiuf, wielding a quarterstaff of chaos, wearing a cloak and carrying a wand of frost {zapped: 1} (lightly wounded)
The magic dart hits Crazy Yiuf.
Crazy Yiuf is moderately wounded.
Crazy Yiuf zaps a wand.
The puff of frost hits you!
Crazy Yiuf zaps a wand.
The puff of frost hits you!
* * * LOW HITPOINT WARNING * * *
Crazy Yiuf zaps a wand.
The puff of frost misses you.
Crazy Yiuf whimpers, "Iron!"
Crazy Yiuf zaps a wand.
The puff of frost misses you.
Crazy Yiuf zaps a wand.
The puff of frost hits you!
You die...

##....g.♣.g♣#...#
#......♣♣♣♣.....#
#.g.#.♣♣ ♣♣#..)#
#.###♣♣ ### #.#
#.# #.# #.#
#@################
#..........<......
##################


You could see Crazy Yiuf.

Vanquished Creatures
  3 adders (D:2)
  A worm (D:2)
  2 giant geckos (D:2)
  7 bats
  2 giant cockroaches
  8 hobgoblins
  4 kobolds
  A quokka (D:2)
  A ball python (D:1)
  2 giant newts
  3 goblins (D:1)
  3 jackals (D:1)
  3 rats (D:1)
40 creatures vanquished.

Notes
Turn   | Place    | Note
--------------------------------------------------------------
     0 | D:1      | Gartch, the Deep Elf Conjurer, began the quest for the Orb.
     0 | D:1      | Reached XP level 1. HP: 10/10 MP: 5/5
   210 | D:1      | Reached XP level 2. HP: 15/15 MP: 4/8
   372 | D:1      | Reached skill level 5 in Conjurations
  1180 | D:2      | Found a blossoming altar of Fedhas.
  1188 | D:2      | Noticed Jessica
  1266 | D:2      | Reached XP level 3. HP: 10/19 MP: 6/10
  1824 | D:2      | Reached skill level 6 in Conjurations
  1933 | D:2      | Found a shadowy altar of Dithmenos.
  2050 | D:2      | Reached XP level 4. HP: 17/24 MP: 9/13
  2319 | D:3      | Noticed Crazy Yiuf
  2339 | D:3      | Killed from afar by Crazy Yiuf

Action                   |  1- 3 |  4- 6 || total
-------------------------+-------+-------++-------
Melee: Unarmed           |     1 |       ||     1
       Hand axe          |     6 |       ||     6
       Club              |     1 |       ||     1
 Cast: Magic Dart        |    86 |     5 ||    91
 Stab: Sleeping          |     4 |       ||     4
  Eat: Fruit             |     1 |       ||     1
       Meat ration       |     1 |       ||     1
